 Dungeon Crawl Stone Soup version 0.26.1-2-gb8aa6d0cf2 (webtiles) character file.

Game seed: 6210495426733010725

63825 ANNNA the Eclecticist (level 14, 0/72 HPs)
             Began as a Deep Elf Venom Mage on Feb 11, 2021.
             Was an Elder of Sif Muna.
             Slain by a five-headed hydra (9 damage)
             ... on level 6 of the Lair of Beasts on Feb 19, 2021.
             The game lasted 02:23:25 (33552 turns).

ANNNA the Eclecticist (Deep Elf Venom Mage)        Turns: 33552, Time: 02:23:26

Health: 0/72       AC: 16    Str:  9    XL:     14   Next: 69%
Magic:  2/47       EV: 15    Int: 22    God:    Sif Muna [****..]
Gold:   1309       SH:  0    Dex: 19    Spells: 6/49 levels left

rFire    . . .     SeeInvis +   D - +4 rapier (vamp)
rCold    . . .     Faith    .   (no shield)
rNeg     . . .     Spirit   .   I - +3 steam dragon scales
rPois    .         Reflect  .   o - +2 helmet {SInv}
rElec    .         Harm     .   t - +1 cloak
rCorr    .         Rampage  .   B - +1 pair of gloves
Will     +....                  x - +0 pair of boots
Stlth    ++++......             (no amulet)
HPRegen  0.22/turn              r - ring of wizardry
MPRegen  0.30/turn              g - ring of the Doge {Wiz *Corrode MP+9 Dex+4 Stlth+}

@: about to teleport
A: no striking features
a: Renounce Religion, Channel Magic, Forget Spell, Divine Exegesis


You were on level 6 of the Lair of Beasts.
You worshipped Sif Muna.
Sif Muna was greatly pleased with you.
You visited 5 branches of the dungeon, and saw 23 of its levels.

You collected 2119 gold pieces.
You spent 810 gold pieces at shops.

Inventory:

Hand Weapons
 D - a +4 vampiric rapier (weapon)
Missiles
 f - 613 stones
 N - 9 boomerangs of dispersal
Armour
 o - a +2 helmet of see invisible (worn)
 t - a +1 cloak (worn)
 x - a +0 pair of boots (worn)
 B - a +1 pair of gloves (worn)
 I - +3 steam dragon scales (worn)
 M - the +0 robe of the Endless Expanse {+Fly Dex+4}
   (You found it on level 11 of the Dungeon)

   It affects your dexterity (+4).
   It lets you fly.
Jewellery
 g - the ring of the Doge (right hand) {Wiz *Corrode MP+9 Dex+4 Stlth+}
   (You found it on level 8 of the Dungeon)

   [ring of wizardry]

   It improves your spell success rate.
   It affects your dexterity (+4).
   It affects your magic capacity (+9).
   It may corrode you when you take damage.
   It makes you more stealthy.
 r - a ring of wizardry (left hand)
 v - a +4 ring of protection
Wands
 q - a wand of paralysis (29)
 F - a wand of random effects (46)
 L - a wand of flame (11)
 O - a wand of disintegration (17)
 P - a wand of polymorph (10)
Scrolls
 a - 2 scrolls of identify
 b - 6 scrolls of fog
 c - 4 scrolls of amnesia
 d - 3 scrolls of magic mapping
 e - 5 scrolls of enchant weapon
 k - 2 scrolls of random uselessness
 l - 10 scrolls of teleportation
 m - 2 scrolls of blinking
 y - 3 scrolls of fear
 z - 4 scrolls of remove curse
 C - 3 scrolls of vulnerability
 E - a scroll of torment
 W - 2 scrolls of immolation
 Y - a scroll of acquirement {unknown}
 Z - a scroll of noise {unknown}
Potions
 h - a potion of heal wounds
 i - 4 potions of haste
 j - 5 potions of curing
 n - 3 potions of attraction
 p - a potion of might {unknown}
 s - 3 potions of berserk rage
 u - 7 potions of flight
 w - 2 potions of mutation
 A - 2 potions of brilliance {unknown}
 X - a potion of ambrosia {unknown}
Miscellaneous
 Q - a phial of floods
 V - a lightning rod (4/4)


   Skills:
 + Level 2.1 Fighting
 + Level 3.6 Short Blades
 + Level 1.0 Throwing
 + Level 1.5 Armour
 + Level 4.6 Dodging
 + Level 5.0 Stealth
 + Level 18.4 Spellcasting
 + Level 4.6 Conjurations
 + Level 4.8 Translocations
 + Level 9.6 Transmutations
 + Level 8.6 Fire Magic
 + Level 0.3 Ice Magic
 + Level 8.6 Air Magic
 + Level 14.1 Poison Magic
 + Level 0.9 Evocations


You had 6 spell levels left.
You knew the following spells:

 Your Spells              Type           Power        Failure   Level
a - Sting                 Tmut/Pois      100%         0%          1
b - Poisonous Vapours     Pois/Air       100%         1%          2
c - Ignite Poison         Fire/Tmut/Pois 61%          1%          3
d - Mephitic Cloud        Conj/Pois/Air  57%          1%          3
e - Olgreb's Toxic Radia  Pois           70%          1%          4
f - Blink                 Tloc           N/A          1%          2
g - Lightning Bolt        Conj/Air       24%          1%          5
h - Dispersal             Tloc           20%          14%         6
i - Eringya's Noxious Bo  Tmut/Pois      32%          1%          6
j - Irradiate             Conj/Tmut      25%          1%          5
k - Freezing Cloud        Conj/Ice/Air   20%          16%         6

Your spell library contained the following spells:

 Spells                   Type           Power        Failure   Level
 Beastly Appendage        Tmut           100%         1%          1
 Magic Dart               Conj           100%         1%          1
 Shock                    Conj/Air       100%         1%          1
 Call Imp                 Summ           20%          1%          2
 Passwall                 Tmut/Erth      34%          1%          2
 Slow                     Hex            20%          1%          2
 Conjure Flame            Conj/Fire      49%          1%          3
 Gell's Gravitas          Tloc           20%          1%          3
 Portal Projectile        Hex/Tloc       60%          1%          3
 Spider Form              Tmut/Pois      32%          1%          3
 Static Discharge         Conj/Air       49%          1%          3
 Ice Form                 Ice/Tmut       42%          1%          4
 Sticky Flame             Conj/Fire      49%          1%          4
 Alistair's Intoxication  Tmut/Pois      42%          1%          5
 Disjunction              Tloc           20%          99%         8


Dungeon Overview and Level Annotations

Branches:
Dungeon (13/15)            Temple (1/1) D:6            Lair (6/6) D:11
  Swamp (0/4) Lair:2       Spider (1/4) Lair:2          Orc (2/2) D:12
    Elf (0/3) Orc:2        Vaults (0/5) D:13
  Slime: Lair:5-6

Altars:
Dithmenos
Elyvilon
Fedhas
Kikubaaqudgha
Ru
Sif Muna
Trog
Vehumet
Xom
Zin
The Shining One
Beogh

Shops:
D:7 *   D:10 (   D:12 (?*:   Orc:1 *   Orc:2 (?}(

Portals:
Trove: D:10 (give 6 scrolls of blinking)

Annotations:
D:7 1 runed translucent door, Dwachs's ghost, novice OpTm
D:9 3 runed translucent doors, McKennaii's ghost, novice DEFE; knorpule3000's ghost, journeyman GnWn
D:11 1 runed translucent door
D:12 Azrael
Lair:1 exclusion: oklob plant
Lair:3 2 transporters, exclusion: oklob plant, kthxbai's ghost, journeyman OgIE
Lair:5 exclusion: 2 oklob plants
Lair:6 1 runed translucent door


Message History

r - Retreat! s - Stop attacking. g - Guard the area. f - Follow me.
Anything else - Cancel.
Okay, then.
As you read the scroll of teleportation, it crumbles to dust.
You feel strangely unstable. The five-headed hydra bites you!
* * * LOW HITPOINT WARNING * * *
The five-headed hydra bites you.
* * * LOW HITPOINT WARNING * * *
The five-headed hydra bites you but does no damage.
The five-headed hydra bites you!
* * * LOW HITPOINT WARNING * * *
The five-headed hydra misses you.
The blink frog blinks!
The blink frog hits you but does no damage.
You feel much better. The blink frog hits you.
The five-headed hydra bites you but does no damage.
The five-headed hydra bites you. x2; The five-headed hydra bites you!
* * * LOW HITPOINT WARNING * * *
The five-headed hydra bites you!
You die...

##$ ##.##.. #### ##....P#
#..#####.#...## #...#.........#
### #...#.......P.# #.####
##...P.#....P### †#...#######
####...P..#...P#..#
..†....#...####.###..........####
#.....#......#.#@#...#.......#
##...#.........F§DF.........##
####.......##.#.#PP#..######
##......############# ##.....÷.##
##.....§P..## #......[....#
##..........## #.........F#.#


You could see a five-headed hydra and 2 blink frogs.

Vanquished Creatures
  11 hydras
  2 boulder beetles
  A catoblepas (D:13)
  2 two-headed ogres
  2 tengu warriors (D:13)
  A queen ant (Lair:2)
  An orc high priest (Orc:2)
  Nergalle (Lair:4)
  3 unseen horrors (D:13)
  3 bog bodies (Lair:2)
  A lindwurm (Lair:6)
  An ugly thing (D:11)
  2 orc knights
  A wolf spider zombie (D:13)
  6 orc sorcerers (Orc:2)
  4 wolf spiders
  2 deep elf magi
  A black mamba (Lair:2)
  A cyclops (Orc:1)
  5 torpor snails
  5 elephants (Lair:6)
  Joseph (D:7)
  8 cane toads
  Maggie (D:8)
  A kobold demonologist (D:12)
  A gargoyle (D:13)
  11 komodo dragons
  4 rime drakes
  3 trolls
  2 polar bears
  4 jumping spiders
  5 hornets (Lair:6)
  A tyrant leech (Lair:6)
  Grinder (D:6)
  9 blink frogs
  8 redbacks (Spider:1)
  A tarantella (Spider:1)
  A vampire (D:12)
  5 wyverns
  Eustachio (D:9)
  5 basilisks
  42 yaks
  Edmund (D:3)
  A swamp worm (Lair:2)
  4 soldier ants
  4 wargs
  11 water moccasins
  2 acid dragons
  2 hell hounds (Lair:6)
  10 black bears
  4 ice beasts
  2 sky beasts
  22 orc warriors
  12 wolves
  3 centaurs
  2 phantoms (D:9)
  4 ogres
  Blork the orc (D:5)
  2 big kobolds
  15 bullfrogs
  2 gnoll sergeants (D:9)
  A wyvern skeleton (D:7)
  5 scorpions
  10 killer bees
  4 howler monkeys
  15 wights
  An electric eel (Lair:2)
  3 quasits
  2 bullfrog zombies
  4 centaur zombies
  7 hounds
  2 jellies
  19 orc priests
  3 bullfrog skeletons
  30 orc wizards
  Natasha (thrice) (D:2)
  5 iguanas
  33 worker ants
  A worker ant zombie (D:10)
  Robin (D:3)
  19 gnolls
  6 adders
  2 shadow imps (D:7)
  2 white imps
  An ufetubus (D:8)
  An ooze (D:3)
  2 adder skeletons
  An adder zombie (D:8)
  2 worms
  2 dart slugs
  6 leopard geckos
  89 orcs
  4 giant cockroaches
  12 goblins
  7 hobgoblins
  7 jackals
  5 quokkas
  7 bats
  5 frilled lizards
  A jackal skeleton (D:4)
  16 kobolds
  A leopard gecko zombie (D:7)
  7 rats
629 creatures vanquished.

Vanquished Creatures (others)
  A bullfrog (D:12)
  78 fungi
  157 plants
  6 withered plants (D:9)
242 creatures vanquished.

Grand Total: 871 creatures vanquished

Notes
Turn   | Place    | Note
-------+----------+-------------------------------------------
     0 | D:1      | ANNNA the Deep Elf Venom Mage began the quest for the Orb.
     0 | D:1      | Reached XP level 1. HP: 10/10 MP: 6/6
   698 | D:1      | Reached XP level 2. HP: 15/15 MP: 5/8
   705 | D:1      | Learned a level 2 spell: Poisonous Vapours
  1895 | D:2      | Reached XP level 3. HP: 19/19 MP: 1/10
  1899 | D:2      | Learned a level 3 spell: Ignite Poison
  1903 | D:2      | Learned a level 3 spell: Mephitic Cloud
  2219 | D:2      | Noticed Natasha
  2221 | D:2      | Killed Natasha
  2222 | D:2      | Reached skill level 4 in Spellcasting
  2344 | D:2      | Noticed Natasha
  2348 | D:2      | Killed Natasha
  2349 | D:2      | Reached XP level 4. HP: 24/24 MP: 1/12
  2376 | D:2      | Noticed Natasha
  2380 | D:2      | Killed Natasha
  2381 | D:2      | Reached skill level 1 in Air Magic
  2637 | D:2      | Found a glowing golden altar of the Shining One.
  2855 | D:3      | Noticed Robin
  2857 | D:3      | Killed Robin
  2870 | D:3      | Reached XP level 5. HP: 28/28 MP: 0/14
  3232 | D:3      | Reached skill level 5 in Spellcasting
  4017 | D:3      | Reached XP level 6. HP: 32/32 MP: 9/16
  4331 | D:3      | Learned a level 4 spell: Olgreb's Toxic Radiance
  4334 | D:3      | Learned a level 2 spell: Blink
  4340 | D:4      | Reached skill level 6 in Spellcasting
  4556 | D:4      | Noticed Edmund
  4647 | D:3      | Killed Edmund
  4648 | D:3      | Reached skill level 1 in Translocations
  4648 | D:3      | Reached skill level 5 in Poison Magic
  5203 | D:4      | Reached XP level 7. HP: 36/36 MP: 14/19
  5351 | D:4      | Reached skill level 7 in Spellcasting
  5804 | D:5      | Entered Level 5 of the Dungeon
  5939 | D:5      | Reached skill level 1 in Fire Magic
  6626 | D:5      | Reached XP level 8. HP: 41/41 MP: 11/21
  6676 | D:5      | Noticed Blork the orc
  7094 | D:5      | Killed Blork the orc
  7095 | D:5      | Reached skill level 8 in Spellcasting
  7657 | D:5      | Identified the +2 hunting sling of Departure {vorpal, rPois
                  | Will- Str+7 Dex+4}
  7976 | D:6      | Found a staircase to the Ecumenical Temple.
  7982 | Temple   | Entered the Ecumenical Temple
  8013 | Temple   | Became a worshipper of Sif Muna the Loreminder
  8127 | D:6      | Noticed Grinder
  8139 | D:6      | Killed Grinder
  8140 | D:6      | Reached skill level 9 in Spellcasting
  8735 | D:6      | Got a twisted cloak
  8736 | D:6      | Identified the -6 cloak "Ilaun" {rElec Slay+2} (You found
                  | it on level 6 of the Dungeon)
  8939 | D:6      | Found a shadowy altar of Dithmenos.
  9165 | D:7      | Found Joejoetel's General Store.
  9170 | D:7      | Bought a scroll of identify for 22 gold pieces
  9170 | D:7      | Bought a wand of paralysis (6) for 88 gold pieces
  9204 | D:7      | Reached XP level 9. HP: 45/45 MP: 17/24
  9213 | D:7      | Noticed Joseph
  9269 | D:7      | Killed Joseph
  9270 | D:7      | Reached skill level 10 in Spellcasting
 10021 | D:7      | Reached skill level 1 in Conjurations
 10090 | D:7      | Noticed a troll
 10094 | D:7      | Killed a troll
 10832 | D:7      | Found a runed translucent door.
 10833 | D:7      | Found a shimmering altar of Xom.
 10833 | D:7      | Noticed Dwachs's ghost (novice OpTm)
 10834 | D:7      | Noticed a +1 long sword of chaos
 11410 | D:8      | Reached skill level 11 in Spellcasting
 11417 | D:8      | Reached * piety under Sif Muna
 11611 | D:8      | Got a fine golden ring
 12052 | D:8      | Noticed Maggie
 12056 | D:8      | Killed Maggie
 12095 | D:8      | Identified the ring of the Doge {Wiz *Corrode MP+9 Dex+4
                  | Stlth+} (You found it on level 8 of the Dungeon)
 12380 | D:9      | Noticed a troll
 12382 | D:9      | Killed a troll
 12382 | D:9      | Reached ** piety under Sif Muna
 12383 | D:9      | Reached skill level 1 in Armour
 12383 | D:9      | Reached XP level 10. HP: 50/50 MP: 27/27
 13403 | D:9      | Noticed Eustachio
 13410 | D:9      | Killed Eustachio
 13500 | D:9      | Reached skill level 5 in Transmutations
 13712 | D:9      | Found a runed translucent gate.
 13712 | D:9      | Noticed knorpule3000's ghost (journeyman GnWn)
 13712 | D:9      | Noticed McKennaii's ghost (novice DEFE)
 13713 | D:9      | Found a runed translucent gate.
 13713 | D:9      | Found a runed translucent gate.
 14228 | D:10     | Entered Level 10 of the Dungeon
 14357 | D:10     | Found Zuoxu's Antique Weapon Shop.
 14396 | D:10     | Found a portal to a secret trove of treasure.
 14420 | D:10     | Found a bloodstained altar of Trog.
 14459 | D:10     | Reached skill level 1 in Short Blades
 14461 | D:10     | Reached skill level 1 in Fighting
 14649 | D:10     | Reached skill level 12 in Spellcasting
 15205 | D:11     | Noticed a six-headed hydra
 15219 | D:11     | Killed a six-headed hydra
 15220 | D:11     | Reached skill level 5 in Fire Magic
 15220 | D:11     | Reached skill level 5 in Air Magic
 15489 | D:11     | Noticed a green ugly thing
 15503 | D:11     | Killed a green ugly thing
 15625 | D:11     | Reached skill level 10 in Poison Magic
 15625 | D:11     | Reached XP level 11. HP: 56/56 MP: 29/29
 15696 | D:11     | Reached *** piety under Sif Muna
 16311 | D:11     | Got a distressingly furry robe
 16322 | D:11     | Identified the +0 robe of the Endless Expanse {+Fly Dex+4}
                  | (You found it on level 11 of the Dungeon)
 16464 | D:11     | Found a staircase to the Lair.
 16546 | D:11     | Found a runed translucent door.
 16549 | D:11     | Noticed a sixfirhy
 16989 | D:11     | Reached skill level 13 in Spellcasting
 17166 | Lair:1   | Entered Level 1 of the Lair of Beasts
 17424 | Lair:1   | Reached **** piety under Sif Muna
 17589 | Lair:1   | Noticed a six-headed hydra
 17608 | Lair:1   | Killed a six-headed hydra
 18179 | Lair:1   | Noticed a six-headed hydra
 18180 | Lair:1   | Noticed an oklob plant
 18234 | Lair:1   | Killed a six-headed hydra
 18594 | Lair:2   | Noticed a boulder beetle
 18624 | Lair:1   | Reached skill level 14 in Spellcasting
 18770 | D:12     | Noticed a four-headed hydra
 18785 | D:12     | Killed a four-headed hydra
 18786 | D:12     | Reached XP level 12. HP: 61/61 MP: 26/32
 18932 | D:12     | Noticed a two-headed ogre
 18944 | D:12     | Killed a two-headed ogre
 19467 | D:12     | Found Uxineol's General Store.
 19467 | D:12     | Found Isoimuz's Antique Weapon Emporium.
 19467 | D:12     | Found Xuruaf's Magic Scroll Emporium.
 19471 | D:12     | Found Gylynk's Book Emporium.
 19484 | D:12     | Bought a scroll of identify for 22 gold pieces
 19484 | D:12     | Bought a scroll of identify for 22 gold pieces
 19484 | D:12     | Bought a scroll of identify for 22 gold pieces
 19484 | D:12     | Bought a scroll of identify for 22 gold pieces
 19534 | D:12     | Found a staircase to the Orcish Mines.
 19669 | D:12     | Noticed Azrael
 20386 | D:13     | Noticed a tengu warrior
 20393 | D:13     | Killed a tengu warrior
 20402 | D:13     | Noticed a tengu warrior
 20407 | D:13     | Killed a tengu warrior
 20408 | D:13     | Noticed a boulder beetle
 20757 | Orc:1    | Entered Level 1 of the Orcish Mines
 20981 | Orc:1    | Found Gaudoss's General Store.
 20995 | Orc:1    | Bought a potion of curing for 33 gold pieces
 21220 | Orc:1    | Reached skill level 15 in Spellcasting
 21552 | Orc:2    | Entered Level 2 of the Orcish Mines
 21714 | Orc:2    | Found a staircase to the Elven Halls.
 22103 | Orc:2    | Reached ***** piety under Sif Muna
 22103 | Orc:2    | Identified Sif Muna's Grimoire of Mutagenic Confrontation
                  | (Sif Muna gifted it to you on level 2 of the Orcish Mines)
 22103 | Orc:2    | Received a gift from Sif Muna
 22184 | Orc:1    | Learned a level 5 spell: Lightning Bolt
 22360 | Orc:2    | Noticed an orc high priest
 22382 | Orc:2    | Killed an orc high priest
 23118 | Orc:2    | Paralysed by an orc sorcerer for 3 turns
 23343 | Orc:2    | Reached XP level 13. HP: 65/66 MP: 29/34
 23424 | Orc:2    | Found Piwoirgh's Antique Weapon Shop.
 23424 | Orc:2    | Found Esixzu's Gadget Boutique.
 23426 | Orc:2    | Found Godafaxu's Weapon Boutique.
 23430 | Orc:2    | Found Uresa's Magic Scroll Shop.
 23438 | Orc:2    | Bought a scroll of identify for 30 gold pieces
 23438 | Orc:2    | Bought a scroll of identify for 30 gold pieces
 23438 | Orc:2    | Bought a scroll of identify for 30 gold pieces
 23584 | Orc:2    | Found a roughly hewn altar of Beogh.
 23857 | Orc:2    | Bought a wand of disintegration (12) for 240 gold pieces
 24712 | Lair:2   | Reached skill level 16 in Spellcasting
 24768 | D:12     | Bought a scroll of blinking for 82 gold pieces
 24768 | D:12     | Bought a scroll of blinking for 82 gold pieces
 24775 | D:12     | Bought a potion of heal wounds for 85 gold pieces
 25587 | D:13     | Received a gift from Sif Muna
 25651 | D:13     | Noticed an ironheart preserver
 25957 | D:13     | Learned a level 6 spell: Dispersal
 26300 | D:13     | Found a gate to the Vaults.
 27687 | Lair:2   | Found a hole to the Spider Nest.
 27757 | Lair:2   | Reached skill level 17 in Spellcasting
 27891 | Lair:2   | Found a staircase to the Swamp.
 28391 | Spider:1 | Entered Level 1 of the Spider Nest
 28538 | Spider:1 | Got a brightly glowing hand crossbow
 28539 | Spider:1 | Identified the +4 hand crossbow "Odel" {freeze, Dex+6} (You
                  | found it on level 1 of the Spider Nest)
 29033 | Lair:3   | Reached XP level 14. HP: 72/72 MP: 36/37
 29441 | Lair:3   | Noticed kthxbai's ghost (journeyman OgIE)
 29457 | Lair:3   | Identified the +11 spear of Freehold {distort, rN+ Int-2
                  | SInv}
 29543 | Lair:3   | Reached skill level 1 in Throwing
 29562 | Lair:3   | Identified Sif Muna's Compendium of Shifting Air (Sif Muna
                  | gifted it to you on level 3 of the Lair of Beasts)
 29562 | Lair:3   | Received a gift from Sif Muna
 29574 | Lair:3   | Learned a level 6 spell: Eringya's Noxious Bog
 29602 | Lair:3   | Learned a level 5 spell: Irradiate
 29609 | Lair:3   | Learned a level 6 spell: Freezing Cloud
 29725 | Lair:3   | Found a transporter.
 29736 | Lair:3   | Found a transporter.
 31099 | Lair:4   | Noticed Nergalle
 31105 | Lair:4   | Killed Nergalle
 31425 | Lair:4   | Reached skill level 5 in Stealth
 32077 | Lair:5   | Reached skill level 18 in Spellcasting
 32707 | Lair:6   | Entered Level 6 of the Lair of Beasts
 32739 | Lair:6   | Found a runed translucent door.
 33539 | Lair:6   | Paralysed by a hornet for 1 turns
 33552 | Lair:6   | Slain by a five-headed hydra

Illustrated notes

Levels and vault maps discovered:
D:1:      moated_graveyard_arrival, layout_basic
D:2:      layout_rooms, nicolae_tso_swordbearing_angel, uniq_natasha
D:3:      layout_basic, minmay_misc_feat_pillars, uniq_robin
D:4:      layout_loops_cross, uniq_edmund
D:5:      layout_loops_ring, uniq_blork_the_orc
D:6:      layout_gridville, grunt_dithmenos_smoke, minmay_temple_entry_hall,
          uniq_grinder
D:7:      layout_basic, ebering_ghost_xom, serial_shops, kennysheep_little_box,
          small_statue_intersection, minmay_misc_feat_encased, uniq_joseph
D:8:      layout_basic, uniq_maggie
D:9:      layout_stronghold, gammafunk_ghost_cemetery, hangedman_decor_opposing,
          sword_in_stone
D:10:     layout_loops_ring, serial_shops, nicolae_shop_trees,
          nicolae_trove_entry_columns, basic_altar
D:11:     cheibrodos_shockbox, layout_stronghold, due_lair_maze_entry_diamond,
          kennysheep_generic_room_8
D:12:     layout_irregular_city, orc_0_dummy, minmay_shop_grid_forest,
          chequers_serial_rivers_small_3, uniq_azrael
D:13:     layout_loops_ring, skrybe_vaults_entry_preservation, solitary_fountain
Temple:   minmay_crystal_snake_temple
Lair:1:   layout_cave_pods, minmay_lair_oklob_chamber
Lair:2:   layout_regular_city, nicolae_swamp_entry_splash_gauntlet,
          spider_nest_entry_funnel_web, minivault_26, zaba_antful_of_joy
Lair:3:   minmay_lair_oklob_tunnel, layout_gridlike,
          gammafunk_ghost_abyssal_escape, infiniplex_staircase_pool
Lair:4:   layout_long_grid, uniq_nergalle
Lair:5:   layout_cave_pods, minmay_slime_entry_oklob_enclosed, minmay_holes
Lair:6:   hangedman_lair_caniforms_friends, layout_hall_layers, wormcave
Spider:1: layout_spider_delve, drop_trap, uniq_josephine
Orc:1:    layout_diamond_mine, serial_shops, shop
Orc:2:    st_orc_mages, layout_caves, abandoned_shop, minmay_orc_temple_b

Skill      XL: |  1  2  3  4  5  6  7  8  9 10 11 12 13 14 |
---------------+-------------------------------------------+-----
Transmutations | 2 3 4 5 7 8 9 |  9.6
Spellcasting   | 4 5 6 7 9 11 12 14 15 17 18 | 18.4
Poison Magic   | 4 5 6 7 8 10 11 12 13 14 | 14.1
Air Magic      | 1 2 3 4 5 6 7 8 |  8.6
Stealth        | 3 4 5 |  5.0
Translocations | 1 2 3 4 |  4.8
Fire Magic     | 2 3 4 5 6 7 8 |  8.6
Conjurations   | 1 2 3 4 |  4.6
Dodging        | 3 4 |  4.6
Armour         | 1 |  1.5
Short Blades   | 1 2 3 |  3.6
Fighting       | 1 2 |  2.1
Throwing       | 1 |  1.0
Ice Magic      | |  0.3
Evocations     | |  0.9

Action                   |  1- 3 |  4- 6 |  7- 9 | 10-12 | 13-15 || total
-------------------------+-------+-------+-------+-------+-------++-------
Melee: Dagger            |     2 |     3 |    52 |       |       ||    57
       Rapier            |       |       |     3 |   102 |    91 ||   196
Throw: Stone             |       |     1 |     9 |     9 |     7 ||    26
 Cast: Sting             |    32 |    18 |    32 |    34 |    16 ||   132
       Poisonous Vapours |    24 |    46 |    56 |   170 |   106 ||   402
       Ignite Poison     |     2 |    12 |    66 |   180 |   164 ||   424
       Mephitic Cloud    |       |     1 |    33 |    55 |    43 ||   132
       Blink             |       |    10 |    19 |    37 |    15 ||    81
       Olgreb's Toxic Ra |       |     3 |    16 |    53 |    46 ||   118
       Lightning Bolt    |       |       |       |     4 |    38 ||    42
       Dispersal         |       |       |       |       |     2 ||     2
       Freezing Cloud    |       |       |       |       |     6 ||     6
Evoke: Wand              |       |       |     1 |     3 |     6 ||    10
       Phial of floods   |       |       |       |     1 |       ||     1
  Use: Scroll            |       |     2 |     7 |    17 |     8 ||    34
       Potion            |       |       |       |     3 |     7 ||    10
 Stab: Sleeping          |       |       |     1 |       |       ||     1
       Confused          |       |       |       |       |     2 ||     2
Armor: Robe              |     6 |     3 |    10 |       |       ||    19
       Leather armour    |       |       |    24 |       |       ||    24
       Steam dragon scal |       |       |       |    71 |    88 ||   159
Dodge: Dodged            |    13 |    13 |    73 |   123 |   124 ||   346
